 Dungeon Crawl Stone Soup version 0.28-a0-245-g639a1a48b9 (webtiles) character file.

Game seed: 17808463783697953569

109 zdrol the Bolt Thrower (level 4, 0/38 HPs)
             Began as a Minotaur Hunter on Aug 23, 2021.
             Slain by Terence (1 damage)
             ... on level 3 of the Dungeon on Aug 24, 2021.
             The game lasted 00:10:01 (2578 turns).

zdrol the Bolt Thrower (Minotaur Hunter)            Turns: 2578, Time: 00:10:02

Health: 0/38       AC:  3    Str: 16    XL:     4   Next: 60%
Magic:  3/3        EV: 12    Int:  8    God:
Gold:   56         SH:  0    Dex: 12    Spells: 3/3 levels left

rFire   . . .      SeeInvis +   b - +0 short sword
rCold   . . .      Faith    .   (no shield)
rNeg    . . .      Spirit   .   c - +0 leather armour
rPois   .          Reflect  .   (helmet restricted)
rElec   .          Harm     .   (no cloak)
rCorr   .          Rampage  .   (no gloves)
Will    .....                   (no boots)
Stlth   +.........              (no amulet)
HPRegen 0.12/turn               i - ring of see invisible
MPRegen 0.08/turn               h - ring of wizardry

@: no status effects
A: horns 2, retaliatory headbutt
a: no special abilities


You were on level 3 of the Dungeon.
You visited 1 branch of the dungeon, and saw 3 of its levels.

You collected 56 gold pieces.

Inventory:

Hand Weapons
 a - a +1 hand crossbow
 b - a +0 short sword (weapon)
Missiles
 d - 11 bolts
 e - a throwing net
 g - 10 poisoned darts (quivered)
Armour
 c - a +0 leather armour (worn)
Jewellery
 h - a ring of wizardry (right hand)
 i - a ring of see invisible (left hand)
Wands
 j - a wand of mindburst (13)
Scrolls
 k - 3 scrolls of amnesia {unknown}
Potions
 f - 2 potions of lignification {unknown}
 l - a potion of brilliance {unknown}
 m - a potion of haste {unknown}
 n - a potion of heal wounds {unknown}


   Skills:
 + Level 3.0 Fighting
 + Level 1.6 Short Blades
 + Level 5.5 Crossbows
 + Level 0.2 Throwing
 + Level 1.5 Armour
 + Level 2.6 Dodging
 + Level 1.0 Stealth


You had 3 spell levels left.
You didn't know any spells.
Your spell library contained the following spells:

 Spells                   Type           Power      Damage    Failure   Level
 Animate Skeleton         Necr           0%         N/A       21%         1
 Pain                     Necr           0%         1d4       21%         1
 Vampiric Draining        Necr           0%         2d6       52%         3


Dungeon Overview and Level Annotations

Branches:
Dungeon (3/15)

Altars:

Annotations:
D:3 Terence


Innate Abilities, Weirdness & Mutations

You have a pair of horns on your head.
You reflexively headbutt those who attack you in melee.


Message History

Press: ? - help, Q - select action, (/) - cycle Shift-Dir - straight line, f/p - Terence
Aim: Terence, wielding a +1 short sword of flaming and wearing a +0 scale mail (69% to hit)
You shoot a bolt. The bolt hits Terence.
Terence is lightly wounded.
Fire: 11 bolts
Press: ? - help, Q - select action, (/) - cycle Shift-Dir - straight line, f - you Really target yourself?
Okay, then.
A quokka comes into view.
b - a +0 short sword (weapon)
You hit Terence.
Terence is lightly wounded.
Terence hits you with a +1 short sword of flaming.
Terence burns you.
You hit Terence but do no damage.
Terence is lightly wounded.
Terence hits you with a +1 short sword of flaming!
Terence burns you.
You hit Terence. Your headbutt misses Terence.
Terence is moderately wounded.
Terence misses you. You furiously retaliate!
You headbutt Terence! You closely miss Terence.
Terence is severely wounded.
Terence barely misses you.
You closely miss Terence.
Terence is severely wounded.
Terence barely misses you. You furiously retaliate!
You headbutt Terence, but do no damage. You barely miss Terence.
Your headbutt misses Terence.
Terence is severely wounded.
Terence hits you with a +1 short sword of flaming!
* * * LOW HITPOINT WARNING * * *
Terence burns you.
* * * LOW HITPOINT WARNING * * *
You hit Terence but do no damage.
Terence is severely wounded.
Terence hits you with a +1 short sword of flaming.
* * * LOW HITPOINT WARNING * * *
Terence burns you.
You die...

.. .... .. ... ..
.. .####.####.
..........
........#.
####....#....
#@......#.... .
#.@##......... ..
#.###............
... #....##......
..## ##.### .....
#..#
#####>####......
#..
#.......<.......
..
#...............
............######


You could see Terence.

Vanquished Creatures
  An orc wizard (D:2)
  A gnoll (D:1)
  An adder (D:3)
  4 dart slugs
  2 orcs
  5 bats
  8 endoplasms
  A giant cockroach (D:1)
  4 goblins (D:1)
  4 hobgoblins
  3 jackals (D:1)
  3 quokkas
  2 ball pythons (D:1)
  3 frilled lizards
  7 kobolds
  4 rats (D:1)
53 creatures vanquished.

Notes
Turn   | Place    | Note
-------+----------+-------------------------------------------
     0 | D:1      | zdrol the Minotaur Hunter began the quest for the Orb.
     0 | D:1      | Reached XP level 1. HP: 18/18 MP: 0/0
   142 | D:1      | Reached XP level 2. HP: 25/25 MP: 1/1
   213 | D:1      | Reached skill level 5 in Crossbows
   572 | D:1      | Reached XP level 3. HP: 23/30 MP: 2/2
  1306 | D:1      | Reached skill level 1 in Short Blades
  1689 | D:2      | Found a faded altar of an unknown god.
  2161 | D:2      | Reached XP level 4. HP: 37/37 MP: 3/3
  2289 | D:2      | Upgraded the game from 0.28-a0-239-g68911e0c57 to
                  | 0.28-a0-245-g639a1a48b9
  2334 | D:2      | Reached skill level 1 in Armour
  2546 | D:3      | Reached skill level 1 in Stealth
  2564 | D:3      | Noticed Terence
  2578 | D:3      | HP: 1/38 [Terence (2)]
  2578 | D:3      | Slain by Terence

Illustrated notes

Levels and vault maps discovered:
D:1:      matt_arrival_los_fun, layout_basic
D:2:      layout_loops_ring, dreamdust_ecumenical_altar_statues
D:3:      layout_rooms, ashenzari_altar_1, old_standard_altar, uniq_terence,
          uniq_crazy_yiuf_cottage, uniq_ijyb

Skill      XL: |  1  2  3  4 |
---------------+-------------+-----
Crossbows      | 5 |  5.5
Short Blades   | 1 |  1.6
Fighting       | 3 |  3.0
Armour         | 1 |  1.5
Stealth        | 1 |  1.0
Throwing       | |  0.2
Dodging        | |  2.6

Action                   |  1- 3 |  4- 6 || total
-------------------------+-------+-------++-------
Melee: Short sword       |    56 |    23 ||    79
       Headbutt          |    10 |     3 ||    13
 Fire: Hand crossbow     |    52 |     5 ||    57
Throw: Dart              |     2 |     1 ||     3
       Throwing net      |     1 |       ||     1
Armor: Leather armour    |    13 |     3 ||    16
Dodge: Dodged            |    54 |    12 ||    66

Table legend: (Time is in decaauts)
 A = Elapsed time spent in this place.
 B = Non-inter-level travel time spent in this place.
 C = Inter-level travel time spent in this place.
 D = Time resting spent in this place.
 E = Time spent auto-exploring this place.
 F = Levels seen in this place.
 G = Mean time per level.
                   A        B        C        D        E       F      G
               +--------+--------+--------+--------+--------+-----+--------+
         Total |   2585 |   2585 |      0 |    232 |   1542 |   3 |  861.7 |
       Dungeon |   2585 |   2585 |      0 |    232 |   1542 |   3 |  861.7 |
               +--------+--------+--------+--------+--------+-----+--------+

Top non-repeatable levels by time:
     D:1: 1676 daAuts
     D:2: 853 daAuts
     D:3: 55 daAuts
